 Dungeon Crawl Stone Soup version 0.18-a0-1155-g296dcbc (webtiles) character file.

125 RedPan the Conjurer (level 4, -9/33 HPs)
             Began as a Draconian Conjurer on Jan 23, 2016.
             Killed by nerve-wracking pain
             ... invoked by Grinder
              (11 damage)
             ... while paralysed by Grinder
             ... on level 3 of the Dungeon.
             The game lasted 00:06:28 (2363 turns).

RedPan the Conjurer (Draconian Conjurer)            Turns: 2363, Time: 00:06:28

Health: -9/33      AC:  8    Str: 15    XL:     4   Next: 82%
Magic:  3/9        EV:  2    Int: 22    God:
Gold:   114        SH:  0    Dex: 11    Spells: 2 memorised, 7 levels left

rFire  . . .     SeeInvis .     e - +0 dagger
rCold  . . .     Gourm    .     (armour unavailable)
rNeg   . . .     Faith    .     (no shield)
rPois  .         Spirit   .     (helmet restricted)
rElec  .         Dismiss  .     (no cloak)
rCorr  .         Reflect  .     (no gloves)
SustAt .         Harm     .     (no boots)
MR     .....                    (no amulet)
Stlth  ++........               (no ring)
                                j - +3 ring of protection

@: paralysed, mighty, brilliant, very slightly contaminated, not resistant to
hostile enchantments, unstealthy
A: unfitting armour, cold-blooded, AC +5
a: no special abilities


You were on level 3 of the Dungeon.
You were not hungry.

You visited 1 branch of the dungeon, and saw 3 of its levels.

You collected 114 gold pieces.

Inventory:

Hand Weapons
 e - a +0 dagger (weapon)
Missiles
 k - 4 tomahawks (quivered)
Armour
 p - a +0 buckler
Jewellery
 j - a +3 ring of protection (left hand)
Scrolls
 f - 6 scrolls of identify {unknown}
 l - a scroll of enchant weapon {unknown}
 o - 2 scrolls of teleportation {unknown}
Potions
 d - 3 potions of curing
 m - a potion of cancellation {unknown}
 s - a potion of heal wounds {unknown}
Books
 a - a book of Conjurations

   Spells                             Type                      Level
   a - Magic Dart                     Conjuration                  1
   b - Searing Ray                    Conjuration                  2
   c - Dazzling Spray                 Conjuration/Hexes            3
   d - Fulminant Prism                Conjuration/Hexes            4
   e - Iskenderun's Mystic Blast      Conjuration                  4
   f - Iskenderun's Battlesphere      Conjuration/Charms           5
Comestibles
 b - 3 bread rations
 h - 2 beef jerkies
 i - 2 meat rations
 n - a slice of pizza
 q - a royal jelly


   Skills:
 - Level 1.7 Dodging
 - Level 1.7 Stealth
 * Level 3.9 Spellcasting
 + Level 4.9 Conjurations


You had 7 spell levels left.
You knew the following spells:

 Your Spells              Type           Power        Failure   Level  Hunger
a - Magic Dart            Conj           ####         1%          1    None
b - Searing Ray           Conj           #####.       1%          2    #......


Dungeon Overview and Level Annotations

Branches:
Dungeon (3/15)

Altars:
The Shining One

Annotations:
D:2 Sigmund
D:3 Grinder


Innate Abilities, Weirdness & Mutations

Your plain brown scales are hard (AC +5).
Your body does not fit into most forms of armour.
You are cold-blooded and may be slowed by cold attacks.


Message History

It was a potion of curing.
You feel better. Grinder hits you.
You writhe in agony.
Drink which item? (? for menu, Esc to quit)
It was a potion of might.
You feel very mighty all of a sudden.
Grinder says, "You look like you could use a good racking."
Grinder gestures at you. Pain shoots through your body!
Drink which item? (? for menu, Esc to quit)
It was a potion of brilliance.
You feel clever all of a sudden. Grinder gestures at you.
You suddenly lose the ability to move!
Grinder hits you.
* * * LOW HITPOINT WARNING * * *
You writhe in agony.
* * * LOW HITPOINT WARNING * * *
Grinder gestures at you. Pain shoots through your body!
You die...

....#.##........... ....
......##.......#####....
###.####.......#.......
###.####.............#
.......####.#........#
.......####.#........#
............####.#####
......#.#..## #.#
###.........# #@# #
###.#.#.#.#....5.# #
#.....#.#......# #
###.###.#......# #
#.....#......#
#####.#......#
#.######## #.# #.#


You could see Grinder.

Vanquished Creatures
  A jelly (D:3)
  Jessica (D:3)
  Ijyb (D:3)
  2 giant geckos
  6 bats
  A giant cockroach (D:1)
  12 goblins
  2 hobgoblins (D:2)
  A ball python (D:3)
  A giant newt (D:1)
  5 kobolds
  15 rats
48 creatures vanquished.

Notes
Turn   | Place    | Note
--------------------------------------------------------------
     0 | D:1      | RedPan the Draconian Conjurer began the quest for the Orb.
     0 | D:1      | Reached XP level 1. HP: 14/14 MP: 3/3
   265 | D:1      | Reached XP level 2. HP: 18/20 MP: 5/5
   938 | D:2      | Found a glowing golden altar of the Shining One.
  1016 | D:2      | Noticed Sigmund
  1087 | D:2      | Reached XP level 3. HP: 22/26 MP: 7/7
  1857 | D:3      | Learned a level 2 spell: Searing Ray
  1876 | D:3      | Reached XP level 4. HP: 29/33 MP: 1/9
  2041 | D:3      | Noticed Ijyb
  2043 | D:3      | Noticed Jessica
  2065 | D:3      | Killed Jessica
  2086 | D:3      | Killed Ijyb
  2354 | D:3      | Noticed Grinder
  2361 | D:3      | Paralysed by Grinder for 7 turns
  2363 | D:3      | Killed from afar by Grinder

Vault maps used:
D:1:      minmay_arrival_cross, minmay_rat_gold_closets
D:2:      nicolae_tso_carved_into_rock, uniq_sigmund
D:3:      serial_glass, glass_columns_a, glass_columns_c, first_bread,
          uniq_grinder, uniq_iyjb, uniq_jessica

Action                   |  1- 3 |  4- 6 || total
-------------------------+-------+-------++-------
Melee: Unarmed           |    13 |       ||    13
       Dagger            |   137 |    30 ||   167
 Cast: Magic Dart        |    10 |    12 ||    22
       Searing Ray       |     2 |     2 ||     4
  Use: Potion            |       |     3 ||     3
 Stab: Sleeping          |     4 |       ||     4
  Eat: Chunk             |     3 |     2 ||     5
